 Dungeon Crawl Stone Soup version 0.28.0-45-g0d030f2227 (webtiles) character file.

Game seed: 15551535832595570999

1134 nickcage the Arsonist (level 8, 0/41 HPs)
             Began as a Deep Elf Fire Elementalist on Apr 11, 2022.
             Shot with an arrow by a centaur (2 damage)
             ... on level 5 of the Dungeon.
             The game lasted 00:18:20 (6476 turns).

nickcage the Arsonist (Deep Elf Fire Elementalist)  Turns: 6476, Time: 00:18:20

Health: 0/41       AC:  4    Str:  5    XL:     8   Next: 14%
Magic:  22/22      EV: 12    Int: 23    God:
Gold:   270        SH:  0    Dex: 15    Spells: 13/23 levels left

rFire   . . .      SeeInvis +   b - +0 dagger (speed)
rCold   . . .      Faith    .   (no shield)
rNeg    . . .      Spirit   .   a - +0 robe
rPois   .          Reflect  .   (no helmet)
rElec   .          Harm     .   p - +0 cloak
rCorr   .          Rampage  +   (no gloves)
Will    +....                   e - +0 pair of boots of Sorcery {Rampage Will+ SInv Stlth+}
Stlth   +++.......              (no amulet)
HPRegen 0.13/turn               (no ring)
MPRegen 0.18/turn               (no ring)

@: no status effects
A: no striking features
a: no special abilities


You were on level 5 of the Dungeon.
You visited 1 branch of the dungeon, and saw 5 of its levels.
You also visited: Ossuary.

You collected 270 gold pieces.

Inventory:

Hand Weapons
 b - a +0 dagger of speed (weapon)
 x - a +2 whip of holy wrath
Armour
 a - a +0 robe (worn)
 e - the +0 pair of boots of Sorcery (worn) {Rampage Will+ SInv Stlth+}
   (You found it on level 2 of the Dungeon)

   SInv:      It lets you see invisible.
   Rampage:   It bestows one free step when moving towards enemies.
   Will:      It increases your willpower.
   Stlth:     It makes you more stealthy.
 p - a +0 cloak (worn)
Magical Staves
 y - a staff of conjuration
Jewellery
 i - a ring of protection from cold
Wands
 c - a wand of flame (10)
 o - a wand of polymorph (12)
Scrolls
 f - a scroll of teleportation
 j - a scroll of fear {unknown}
 l - a scroll of brand weapon {unknown}
 m - 2 scrolls of identify
 n - a scroll of blinking {unknown}
 s - a scroll of silence {unknown}
 u - a scroll of enchant armour {unknown}
 z - a scroll of holy word {unknown}
 B - a scroll of vulnerability {unknown}
 C - a scroll of acquirement {unknown}
Potions
 d - 2 potions of curing {unknown}
 g - a potion of cancellation
 h - 5 potions of degeneration {unknown}
 k - a potion of berserk rage
 q - 2 potions of ambrosia {unknown}
 r - a potion of haste {unknown}
 t - a potion of mutation {unknown}
 v - a potion of resistance {unknown}
 w - a potion of attraction {unknown}
 A - a potion of invisibility {unknown}


   Skills:
 - Level 2.4 Dodging
 - Level 2.4 Stealth
 - Level 8.0 Spellcasting
 - Level 3.0 Conjurations
 + Level 8.7 Fire Magic


You had 13 spell levels left.
You knew the following spells:

 Your Spells              Type           Power      Damage    Failure   Level
a - Foxfire               Conj/Fire      100%       2x1d9     1%          1
b - Scorch                Fire           98%        2d10      1%          2
c - Conjure Flame         Conj/Fire      36%        6-21      1%          3
d - Flame Wave            Conj/Fire      36%        2d9       6%          4

Your spell library contained the following spells:

 Spells                   Type           Power      Damage    Failure   Level
 Inner Flame              Hex/Fire       29%        N/A       3%          3
 Beastly Appendage        Tmut           18%        N/A       7%          1
 Wereblood                Tmut           9%         N/A       11%         2
 Ozocubu's Armour         Ice            9%         N/A       21%         3
 Spider Form              Tmut/Pois      9%         N/A       21%         3
 Ozocubu's Refrigeration  Ice            4%         4d5       100%        7


Dungeon Overview and Level Annotations

Branches:
Dungeon (5/15)            Ossuary (visited)
 Temple: D:4-7

Altars:


Message History

The centaur zombie barely misses you. The centaur zombie kicks you.
Flames lash the centaur zombie.
The centaur zombie is burned terribly!
You destroy the centaur zombie!
HP restored.
Magic restored.
You see here an adder corpse.
A - a bubbling black potion You now have 265 gold pieces (gained 16).
You now have 270 gold pieces (gained 5).
You open the door.
There is an open door here.
B - a scroll labelled DOSYIN LUTUGAT You open the door.
An ice beast comes into view.
Found 28 stones.
Flames lash the ice beast.
The ice beast melts!
The ice beast is heavily wounded.
The ice beast's fire resistance burns away.
Flames lash the ice beast.
The ice beast melts!
The ice beast is severely wounded.
Flames lash the ice beast.
The ice beast melts!
You kill the ice beast!
Found a stone staircase leading down.
There is an open door here.
Found a war axe.
C - a scroll labelled KOPOFO ULUFIA
m - 2 scrolls of identify (gained 1)
A centaur comes into view.
A centaur is nearby!
The centaur wields a +1 shortbow of freezing.
It is covered in frost.
The centaur shoots an arrow.
The arrow hits you! The arrow freezes you.
The centaur shoots an arrow.
The arrow hits you. The arrow freezes you.
You are too injured to fight recklessly!
You are too injured to fight recklessly!
The centaur shoots an arrow.
The arrow hits you. The arrow freezes you.
The centaur shoots an arrow.
The arrow hits you!
* * * LOW HITPOINT WARNING * * *
The arrow freezes you.
You die...

###....#
##......#
##...#####
##..### ##...##
##.....##
#...#...######
##..###....^..##
.. #..##
##....@..# ..
#..# #...##..c#
.. #..# #..##
#...... #..#
#..# ...... .
#..# #... .####
. #..# #.... ##
. ##.. ..... .
#.. ...### .


You could see a centaur.

Vanquished Creatures
  An ice beast (D:5)
  A black bear (D:3)
  An ogre (D:4)
  4 water moccasin zombies
  A scorpion (D:3)
  A centaur zombie (D:5)
  Crazy Yiuf (D:3)
  A gnoll shaman (D:4)
  A scorpion zombie (D:5)
  Ijyb (D:3)
  Terence (D:3)
  An iguana (D:4)
  2 orc wizards
  A hound skeleton (D:4)
  2 mummies (Ossuary)
  Robin (D:2)
  12 gnolls
  3 adders
  2 ufetubi (D:4)
  5 adder zombies (Ossuary)
  An adder skeleton (D:3)
  2 dart slugs
  8 orcs
  8 endoplasms
  4 giant cockroaches
  11 goblins
  13 hobgoblins
  4 jackals (D:3)
  6 kobolds
  A quokka (D:2)
  6 ball pythons
  6 bats
  2 frilled lizards (D:2)
  5 gnoll zombies (Ossuary)
  6 hobgoblin zombies (Ossuary)
  5 kobold zombies (Ossuary)
  5 orc zombies (Ossuary)
  A rat (D:1)
137 creatures vanquished.

Vanquished Creatures (others)
  20 foxfires
20 creatures vanquished.

Grand Total: 157 creatures vanquished

Notes
Turn   | Place    | Note
-------+----------+-------------------------------------------
     0 | D:1      | nickcage the Deep Elf Fire Elementalist began the quest for
                  | the Orb.
     0 | D:1      | Reached XP level 1. HP: 10/10 MP: 6/6
   378 | D:1      | Reached XP level 2. HP: 15/15 MP: 5/8
   381 | D:1      | Learned a level 2 spell: Scorch
   447 | D:1      | Found a faded altar of an unknown god.
  1359 | D:2      | Reached XP level 3. HP: 19/19 MP: 6/9
  1359 | D:2      | Identified the +0 pair of boots of Sorcery {Rampage Will+
                  | SInv Stlth+}
  1436 | D:2      | Reached XP level 4. HP: 24/24 MP: 0/10
  1520 | D:2      | Reached skill level 5 in Fire Magic
  2467 | D:2      | Noticed Robin
  2470 | D:2      | Killed Robin
  2471 | D:2      | Reached XP level 5. HP: 28/28 MP: 2/11
  2699 | D:3      | Noticed Ijyb
  2702 | D:3      | Killed Ijyb
  2980 | D:3      | Noticed a black bear
  2994 | D:3      | Learned a level 3 spell: Conjure Flame
  3017 | D:3      | Killed a black bear
  3018 | D:3      | Reached XP level 6. HP: 32/32 MP: 0/13
  3345 | D:3      | Noticed Terence
  3351 | D:3      | Killed Terence
  3490 | D:3      | Found a runed translucent door.
  3491 | D:3      | Noticed Crazy Yiuf
  3497 | D:3      | Killed Crazy Yiuf
  3578 | D:3      | Reached skill level 5 in Spellcasting
  4199 | D:4      | Reached XP level 7. HP: 36/36 MP: 9/17
  4396 | D:4      | Found a sand-covered staircase.
  4401 | Ossuary  | Entered an ossuary
  6105 | D:4      | Learned a level 4 spell: Flame Wave
  6223 | D:5      | Entered Level 5 of the Dungeon
  6239 | D:5      | Reached XP level 8. HP: 41/41 MP: 15/22
  6476 | D:5      | HP: 2/41 [centaur/arrow (13)]
  6476 | D:5      | Shot with an arrow by a centaur

Illustrated notes

Levels and vault maps discovered:
D:1:      minmay_arrival_up_and_down, layout_basic, basic_ecumenical_altar,
          serial_rivers, chequers_serial_rivers_room_b,
          chequers_serial_rivers_large_b, chequers_serial_rivers_large_a,
          chequers_serial_rivers_micro_c, chequers_serial_rivers_micro_a,
          chequers_serial_rivers_small_b
D:2:      layout_loops_cross, uniq_robin
D:3:      layout_loops_ring, serial_aquarium, aquarium_bridge_square
          [aquarium_subvault_bridge, aquarium_subvault_wall,
          aquarium_subvault_wall, aquarium_subvault_bridge],
          aquarium_window_corridor_3, aquarium_window_1, aquarium_window_corner,
          aquarium_window_corner, aquarium_view_2a, aquarium_view_2b,
          kennysheep_boxes, uniq_ijyb, uniq_terence, uniq_crazy_yiuf_cottage
D:4:      layout_loops_corners, nicolae_ossuary_entry_false_entrances
D:5:      layout_basic, temple_statues, nicolae_sextant, kennysheep_potato

Skill      XL: |  1  2  3  4  5  6  7 |
---------------+----------------------+-----
Fire Magic     | 4 5 6 7 8 |  8.7
Conjurations   | 2 3 |  3.0
Spellcasting   | 5 8 |  8.0
Dodging        | |  2.4
Stealth        | |  2.4

Action                   |  1- 3 |  4- 6 |  7- 9 || total
-------------------------+-------+-------+-------++-------
Melee: Dagger            |     8 |    15 |    19 ||    42
 Cast: Foxfire           |    10 |       |     2 ||    12
       Scorch            |    29 |    80 |    88 ||   197
       Conjure Flame     |       |     1 |     3 ||     4
  Use: Scroll            |       |     7 |       ||     7
 Stab: Sleeping          |       |     1 |       ||     1
Armor: Robe              |     2 |     5 |     5 ||    12
Dodge: Dodged            |    10 |    30 |    29 ||    69
